 Dungeon Crawl Stone Soup version 0.23-a0-419-g0174fd8 (webtiles) character file.

197 JeffiDaFish the Grave Robber (level 5, -4/28 HPs)
             Began as a Deep Elf Necromancer on Nov 12, 2018.
             Killed by nerve-wracking pain
             ... invoked by a shadow imp
              (11 damage)
             ... on level 6 of the Dungeon.
             The game lasted 00:12:19 (3484 turns).

JeffiDaFish the Grave Robber (Deep Elf Necromancer) Turns: 3484, Time: 00:12:20

Health: -4/28      AC:  3    Str:  3 (5)  XL:     5   Next: 46%
Magic:  2/13       EV: 13    Int: 20 (21) God:
Gold:   166        SH:  0    Dex: 12 (15) Spells: 5/12 levels left

rFire    . . .     SeeInvis .   h - +0 short sword
rCold    . . .     Gourm    .   (no shield)
rNeg     . . .     Faith    .   a - +0 robe
rPois    .         Spirit   .   (no helmet)
rElec    .         Reflect  .   b - +0 cloak
rCorr    .         Harm     .   (no gloves)
MR       .....                  (no boots)
Stlth    ++........             (no amulet)
HPRegen  0.09/turn              (no ring)
MPRegen  0.13/turn              (no ring)

@: very slightly contaminated
A: no striking features
a: no special abilities


You were on level 6 of the Dungeon.
You were hungry.

You visited 1 branch of the dungeon, and saw 5 of its levels.
You also visited: Ossuary.

You collected 166 gold pieces.

Inventory:

Hand Weapons
 h - a +0 short sword (weapon)
Armour
 a - a +0 robe (worn)
 b - a +0 cloak (worn)
Scrolls
 d - 4 scrolls of remove curse
 f - 2 scrolls of identify
Potions
 e - 2 potions of magic
 i - a potion of flight
Comestibles
 c - 5 rations
 g - 2 chunks of flesh


   Skills:
 + Level 3.7 Dodging
 + Level 3.9 Stealth
 + Level 4.2 Spellcasting
 * Level 6.4 Necromancy


You had 5 spell levels left.
You knew the following spells:

 Your Spells              Type           Power        Failure   Level  Hunger
a - Pain                  Necr           ####         1%          1    None
b - Vampiric Draining     Necr           ####......   2%          3    ###....
c - Regeneration          Chrm/Necr      ###.......   10%         3    ###....

Your spell library contained the following spells:

 Spells                   Type           Power        Failure   Level  Hunger
 Animate Skeleton         Necr           N/A          1%          1    None
 Animate Dead             Necr           N/A          9%          4    ####...


Dungeon Overview and Level Annotations

Branches:
Dungeon (6/15)
 Temple: D:4-7

Altars:

Shops:
D:6 ?


Message History

Confirm with . or Enter, or press ? or * to list all spells.
You miscast Regeneration.
You are very lightly contaminated with residual magic.
The world around you seems to dim momentarily.
The shadow imp hits you. The crimson imp hits you.
* * * LOW HITPOINT WARNING * * *
The howler monkey hoots and howls with incredible vigour!
You closely miss the shadow imp.
The shadow imp is severely wounded.
The shadow imp hits you.
* * * LOW HITPOINT WARNING * * *
The crimson imp hits you.
* * * LOW HITPOINT WARNING * * *
You hit the shadow imp but do no damage.
The shadow imp is severely wounded.
Your skin stops crawling.
The howler monkey hoots and howls with incredible vigour!
The shadow imp gestures at you. Pain shoots through your body!
You die...

#.# #. #.# #.# #.##.#
#.###..#.# ...###.#.#
.........#
...###.########
..####.####...#
.....(........######.#
#.####.####....5@5h..#
#.# #.# ############
... ..# ########


You could see a howler monkey, a crimson imp and a shadow imp.

Vanquished Creatures
  A howler monkey (D:6)
  2 iguanas
  4 adders (D:2)
  2 leopard geckos
  4 orcs
  6 giant cockroaches
  9 goblins
  3 jackals (D:6)
  11 kobolds
  2 quokkas (D:2)
  2 ball pythons
  12 bats
  3 frilled lizards
  An orc zombie (Ossuary)
  11 rats
73 creatures vanquished.

Notes
Turn   | Place    | Note
-------+----------+-------------------------------------------
     0 | D:1      | JeffiDaFish the Deep Elf Necromancer began the quest for
                  | the Orb.
     0 | D:1      | Reached XP level 1. HP: 10/10 MP: 6/6
    59 | D:1      | Reached skill level 5 in Necromancy
   399 | D:1      | Reached XP level 2. HP: 13/15 MP: 5/8
  1205 | D:2      | Reached XP level 3. HP: 10/19 MP: 2/9
  1210 | D:2      | Learned a level 3 spell: Vampiric Draining
  1483 | D:2      | You fall through a shaft for 2 floors!
  1994 | D:2      | Reached XP level 4. HP: 17/24 MP: 6/11
  2809 | D:3      | Reached skill level 6 in Necromancy
  3080 | D:3      | You fall through a shaft for 3 floors!
  3082 | D:6      | Found a sand-covered staircase.
  3090 | D:6      | Learned a level 3 spell: Regeneration
  3091 | Ossuary  | Entered an ossuary
  3265 | D:6      | Reached XP level 5. HP: 18/28 MP: 11/13
  3383 | D:6      | Found Xuyth's Magic Scroll Shoppe.
  3484 | D:6      | Killed from afar by a shadow imp

Vault maps used:
D:1:      dpeg_arrival_subterranean_lakeside_camping, interstate_on_off,
          hangedman_feature_mirror, roderic_lattice_a,
          chequers_serial_rivers_small_a
D:4:      serial_shops, shop_statue, hangedman_decor_diamond_cutter
D:6:      dancing_weapons_uskayaw, serial_shops, shop, enter_ossuary_2,
          grunt_qazlal_clouds
Ossuary:  ossuary_tomb_3

Skill      XL: |  1  2  3  4 |
---------------+-------------+-----
Necromancy     | 5 6 |  6.4
Stealth        | 3 |  3.9
Dodging        | 3 |  3.7
Spellcasting   | 4 |  4.2

Action                   |  1- 3 |  4- 6 || total
-------------------------+-------+-------++-------
Melee: Short sword       |    16 |    70 ||    86
       Unarmed           |     2 |       ||     2
 Cast: Pain              |    59 |    47 ||   106
       Vampiric Draining |     1 |     4 ||     5
       Regeneration      |       |     4 ||     4
  Use: Scroll            |     5 |     1 ||     6
       Potion            |     3 |     5 ||     8
 Stab: Sleeping          |     6 |     2 ||     8
  Eat: Chunk             |     3 |     5 ||     8
Armor: Robe              |    13 |    14 ||    27
Dodge: Dodged            |    38 |    82 ||   120

Table legend:
 A = Non-vault XP
 B = Vault XP
 C = Vault XP percentage of total XP
 D = Non-vault monster count
 E = Vault monster count
 F = Vault count percentage of total count
                 A         B        C        D         E       F
            +---------+---------+-------+---------+---------+-------
      Total |     269 |      13 |   4.6 |      64 |       9 |  12.3
            +---------+---------+-------+---------+---------+-------
        D:1 |      26 |      12 |  31.6 |      17 |       8 |  32.0
        D:2 |      80 |       0 |   0.0 |      23 |       0 |   0.0
        D:3 |      69 |       0 |   0.0 |      18 |       0 |   0.0
        D:6 |      94 |       0 |   0.0 |       6 |       0 |   0.0
    Ossuary |       0 |       1 | 100.0 |       0 |       1 | 100.0
            +---------+---------+-------+---------+---------+-------
